[Event "Titled Tuesday Blitz November 07 Early 2023"]
[White "Aravindh, Chithambaram VR."]
[Black "Tregubov, Pavel V."]
[WhiteFideId "5072786"]
[BlackFideId "4115341"]
[WhiteElo "2910"]
[BlackElo "2611"]
[Result "1-0"]
[Round "2"]
[TimeControl "180+1"]
[Date "2023.11.07"]
[WhiteClock "0:01:43"]
[BlackClock "0:01:28"]
[Board "28"]

1. b3 d5 2. Bb2 Nf6 3. Nf3 g6 4. e3 Bg7 5. Be2 O-O 6. O-O c5 7. c4 Nc6 8. d4 cxd4 9. Nxd4 Nxd4 10. Bxd4 dxc4 11. Bxc4 Bd7 12. Nd2 Bc6 13. Nf3 Nd7 14. Bxg7 Kxg7 15. Nd4 Ne5 16. Nxc6 Nxc6 17. Qf3 Qb6 18. Bd5 Rac8 19. Rac1 Nb4 20. Rxc8 Rxc8 21. Qxf7+ Kh8 22. Be6 1-0


[Site "https://www.chess.com"]

[Event "Titled Tuesday Blitz November 07 Early 2023"]
[White "Golubev, Mikhail"]
[Black "Bauman_Guy"]
[WhiteFideId "14100983"]
[WhiteElo "2610"]
[BlackElo "2908"]
[Result "0-1"]
[Round "2"]
[TimeControl "180+1"]
[Date "2023.11.07"]
[WhiteClock "0:00:08"]
[BlackClock "0:01:08"]
[Board "29"]

1. e4 c5 2. Nf3 d6 3. d4 Nf6 4. Nc3 cxd4 5. Nxd4 a6 6. Bc4 e6 7. O-O Be7 8. Bb3 b5 9. Qf3 Qc7 10. Qg3 O-O 11. Bh6 Ne8 12. Rad1 Bd7 13. a3 Nc6 14. Nxc6 Bxc6 15. f4 Kh8 16. Bg5 Bf6 17. Rd3 a5 18. Bxf6 Nxf6 19. e5 dxe5 20. fxe5 Nd7 21. Rd6 b4 22. axb4 axb4 23. Ne2 Bb5 24. Re1 Bxe2 25. Rxe2 Ra1+ 26. Kf2 Nc5 27. Qf4 f6 28. Bxe6 Qe7 29. Kg3 Nxe6 30. exf6 Nxf4 31. Rxe7 Nh5+ 32. Kh4 Nxf6 33. Rb6 Nd5 0-1


[Site "https://www.chess.com"]

[Event "Titled Tuesday Blitz November 07 Early 2023"]
[White "Sharapov, Evgeny"]
[Black "Svane, Frederik"]
[WhiteFideId "14103133"]
[BlackFideId "12923044"]
[WhiteElo "2608"]
[BlackElo "2902"]
[Result "0-1"]
[Round "2"]
[TimeControl "180+1"]
[Date "2023.11.07"]
[WhiteClock "0:00:40"]
[BlackClock "0:00:15"]
[Board "30"]

1. e4 c5 2. Nf3 d6 3. d4 cxd4 4. Nxd4 Nf6 5. Nc3 a6 6. g3 e6 7. Bg2 Be7 8. O-O O-O 9. a4 Bd7 10. a5 Nc6 11. Nb3 Qc8 12. f4 Rd8 13. Kh1 Be8 14. Qe2 d5 15. exd5 exd5 16. Bd2 Bf8 17. Rfe1 Qf5 18. Rac1 h5 19. Bf3 Bd7 20. Qg2 Be6 21. Ne2 Qh7 22. Ned4 Bg4 23. Bc3 Nxd4 24. Nxd4 Rac8 25. Re5 Bd6 26. Re2 Bxf3 27. Nxf3 Ne4 28. Ng5 Nxg5 29. fxg5 Qf5 30. Rd1 Qxg5 31. Qxd5 Be5 32. Rxe5 Rxd5 33. Rxg5 Rxg5 34. Rd7 Rb5 35. Kg2 f6 36. Kf3 Kh7 37. Ke4 Kg6 38. h4 Rc4+ 39. Kf3 Rc6 40. Re7 Rc8 41. Rd7 Rf8 42. Re7 Rf7 43. Re6 Rd7 44. Ke3 Kf7 45. Re4 Re7 46. Rxe7+ Kxe7 47. Kf4 Ke6 48. Ke4 g5 49. Kf3 Kf5 50. hxg5 fxg5 0-1


[Site "https://www.chess.com"]

[Event "Titled Tuesday Blitz November 07 Early 2023"]
[White "Sethuraman, S.P."]
[Black "Bodnaruk, Anastasia"]
[WhiteFideId "5021596"]
[BlackFideId "4181751"]
[WhiteElo "2892"]
[BlackElo "2608"]
[Result "1-0"]
[Round "2"]
[TimeControl "180+1"]
[Date "2023.11.07"]
[WhiteClock "0:00:45"]
[BlackClock "0:00:01"]
[Board "31"]

1. d4 Nf6 2. c4 g6 3. Nf3 Bg7 4. g3 O-O 5. Bg2 d6 6. O-O Nc6 7. Nc3 e5 8. dxe5 dxe5 9. Bg5 Be6 10. Nd2 h6 11. Bxf6 Bxf6 12. Nde4 Bg7 13. Nc5 Bxc4 14. Nxb7 Qxd1 15. Rfxd1 Nd4 16. Na5 Nxe2+ 17. Nxe2 Bxe2 18. Rd2 Bb5 19. Bxa8 Rxa8 20. Rc1 e4 21. Rxc7 Bd3 22. Nc6 a5 23. b3 a4 24. b4 a3 25. Rd7 Ra6 26. Ne7+ Kh7 27. R2xd3 exd3 28. Rxd3 Rb6 29. Nd5 Rb5 30. Kf1 Kg8 31. Ke2 f5 32. Kd2 Kf7 33. Kc2 Bb2 34. Kb3 Rb7 35. Ne3 Bc1 36. Nc4 Ke6 37. Nxa3 g5 38. Nc4 f4 39. a4 fxg3 40. fxg3 Rf7 41. a5 1-0


[Site "https://www.chess.com"]

[Event "Titled Tuesday Blitz November 07 Early 2023"]
[White "Streltsov, Alexey"]
[Black "Zhigalko, Sergei"]
[WhiteFideId "24104434"]
[BlackFideId "13502956"]
[WhiteElo "2608"]
[BlackElo "2889"]
[Result "0-1"]
[Round "2"]
[TimeControl "180+1"]
[Date "2023.11.07"]
[WhiteClock "0:00:15"]
[BlackClock "0:00:02"]
[Board "32"]

1. d4 Nf6 2. Nc3 d5 3. Bf4 a6 4. e3 b5 5. h4 b4 6. Na4 Nbd7 7. Nc5 e5 8. Nxd7 exf4 9. Nxf8 fxe3 10. Qe2 Qe7 11. Qxe3 Qxe3+ 12. fxe3 Kxf8 13. Bd3 g6 14. Nf3 Kg7 15. O-O Re8 16. Ne5 Re7 17. Rf2 Ng4 18. Nxg4 Bxg4 19. Rf4 h5 20. e4 dxe4 21. Rxe4 Rxe4 22. Bxe4 Rd8 23. c3 bxc3 24. bxc3 Re8 25. Bd3 a5 26. Kf2 Rb8 27. Rb1 Rxb1 28. Bxb1 Kf6 29. Ke3 Bf5 30. Be4 Bxe4 31. Kxe4 Ke6 32. c4 f6 33. a4 g5 34. g3 f5+ 35. Kf3 Kf6 36. Ke3 f4+ 37. gxf4 gxh4 38. d5 h3 39. Kf3 Kf5 40. c5 h4 41. d6 cxd6 42. c6 Ke6 43. f5+ Ke7 44. f6+ Kxf6 45. c7 h2 46. c8=Q h1=Q+ 47. Kf2 Qh2+ 48. Ke3 Qe5+ 49. Kd2 Qf4+ 50. Kc3 Qb4+ 51. Kd3 Qb3+ 52. Kd4 Qxa4+ 53. Kd5 Qb3+ 54. Kxd6 Qd3+ 0-1


[Site "https://www.chess.com"]

[Event "Titled Tuesday Blitz November 07 Early 2023"]
[White "Souleidis, Georgios"]
[Black "Donchenko, Alexander"]
[WhiteFideId "4206827"]
[BlackFideId "24603295"]
[WhiteElo "2606"]
[BlackElo "2888"]
[Result "1-0"]
[Round "2"]
[TimeControl "180+1"]
[Date "2023.11.07"]
[WhiteClock "0:00:18"]
[BlackClock "0:00:24"]
[Board "33"]

1. e4 c6 2. Nc3 d5 3. Nf3 Bg4 4. h3 Bxf3 5. Qxf3 e6 6. d4 Nf6 7. exd5 cxd5 8. Bd3 Nc6 9. Ne2 Bd6 10. c3 O-O 11. O-O Qc7 12. Bg5 Nd7 13. Qh5 g6 14. Qh4 Rab8 15. a4 a6 16. Rfe1 b5 17. axb5 axb5 18. b4 f6 19. Bh6 Rf7 20. Bd2 e5 21. Bc2 e4 22. Bb3 Nb6 23. Bf4 Bxf4 24. Qxf4 g5 25. Qf5 Ne7 26. Qe6 Qc6 27. Qxc6 Nxc6 28. Ra6 Ra7 29. Rxa7 Nxa7 30. Ra1 Nac8 31. g4 Kf8 32. Ra5 Nd6 33. Kf1 Nbc4 34. Bxc4 Nxc4 35. Ra7 h6 36. Ke1 Nb6 37. Ng3 Na4 38. Rc7 Nb2 39. Nf5 Nd3+ 40. Ke2 Ra8 41. Nxh6 Ra2+ 42. Ke3 Rxf2 43. Nf5 Rf3+ 44. Kd2 Nf4 45. Rb7 Rd3+ 46. Kc2 e3 47. Rb8+ Kf7 48. Rb7+ Ke8 49. Re7+ Kd8 50. Rxe3 Rxe3 51. Nxe3 Kd7 52. Kd2 Ke6 53. Nf5 Nxh3 54. Ke3 Nf4 55. Kf3 Kd7 56. Ke3 Ne6 57. Ng3 Nf4 58. Nf5 Kc6 59. Ng3 Ne6 60. Nh5 Kd6 61. Nxf6 Nf4 62. Nh5 Ng6 63. Ng3 Ke6 64. Nf5 Nf4 65. Ng7+ Kf6 66. Nf5 Ng2+ 67. Kf3 Ne1+ 68. Ke2 Nc2 69. Kd3 Ne1+ 70. Ke2 Ng2 71. Ne3 Nf4+ 72. Kd2 Ke6 73. Nf5 Nh3 74. Ke3 Nf4 75. Kf3 Nd3 76. Ne3 Nc1 77. Nd1 Kd6 78. Ke3 Nb3 79. Kd3 Na1 80. Kd2 Ke6 81. Kd3 Kd6 82. Nf2 Nb3 83. Nh3 Nc1+ 84. Ke3 Na2 85. Kd3 Nc1+ 86. Ke3 Ke6 87. Nxg5+ Kf6 88. Nf3 Nb3 89. Ne5 Nc1 90. Nd7+ Ke6 91. Nc5+ Kd6 92. Nd3 Nb3 93. Nf4 Na1 94. g5 Nc2+ 95. Kd2 Na3 96. g6 Nc4+ 97. Kd3 Ke7 98. Nxd5+ Kf8 99. Nc7 Nd6 100. d5 Kg7 101. Kd4 Kxg6 102. Kc5 Ne4+ 103. Kd4 Nd6 104. Ke5 Nc4+ 105. Ke6 Kg7 106. Nxb5 Kf8 107. d6 Ke8 108. d7+ Kd8 109. Na7 Nd6 110. Nc6+ Kc7 111. d8=Q+ Kxc6 112. Qxd6+ Kb5 113. Qc5+ Ka4 114. b5 Kb3 115. b6 Kc2 116. Qc6 Kc1 117. c4 Kd2 118. c5 Kd1 119. Qd5+ Ke1 120. c6 Kf2 121. Qf5+ Ke1 122. Qh3 Ke2 123. Ke5 Kd2 124. Qf3 Kc2 125. Qe3 Kb2 126. Qd3 Ka2 127. Qc3 Kb1 128. Qd2 Ka1 129. Kd4 Kb1 130. Kc3 Ka1 131. Qb2# 1-0


[Site "https://www.chess.com"]

[Event "Titled Tuesday Blitz November 07 Early 2023"]
[White "Mikaelyan, Arman"]
[Black "aghasiyevkamal"]
[WhiteFideId "13304852"]
[WhiteElo "2888"]
[BlackElo "2605"]
[Result "0-1"]
[Round "2"]
[TimeControl "180+1"]
[Date "2023.11.07"]
[WhiteClock "0:00:07"]
[BlackClock "0:00:07"]
[Board "34"]

1. d4 d5 2. c4 e6 3. Nf3 Nf6 4. Nc3 Be7 5. Bg5 Nbd7 6. e3 h6 7. Bh4 O-O 8. Bd3 c5 9. cxd5 Nxd5 10. Bxe7 Nxe7 11. O-O b6 12. Be4 Ba6 13. Re1 Rb8 14. Qa4 Qc8 15. Rac1 Nf6 16. Bb1 Bb7 17. Ne5 Rd8 18. Nb5 a6 19. Na3 b5 20. Qc2 c4 21. b3 c3 22. b4 Ned5 23. Qb3 Qc7 24. e4 Nf4 25. Rxc3 Qb6 26. Nf3 Rbc8 27. Rc5 Rxc5 28. bxc5 Qa5 29. g3 Nh3+ 30. Kg2 Ng5 31. Re2 Nfxe4 32. Nc4 Qc7 33. Nce5 Rxd4 34. c6 Bxc6 35. Nxc6 Nxf3 36. Qxf3 Ng5 37. Nxd4 Nxf3 38. Nxf3 Qc1 39. Bd3 Qc3 40. Rd2 Qc5 41. Be4 g5 42. g4 Kg7 43. h4 Qb4 44. Bd3 Qxg4+ 45. Kf1 Qxf3 46. hxg5 hxg5 47. Be2 Qh1# 0-1


[Site "https://www.chess.com"]

[Event "Titled Tuesday Blitz November 07 Early 2023"]
[White "Talibov, Shiroghlan"]
[Black "Nasir, Zehn"]
[WhiteFideId "13429078"]
[BlackFideId "2613239"]
[WhiteElo "2886"]
[BlackElo "2605"]
[Result "1-0"]
[Round "2"]
[TimeControl "180+1"]
[Date "2023.11.07"]
[WhiteClock "0:00:37"]
[BlackClock "0:00:09"]
[Board "35"]

1. d4 Nf6 2. Nf3 d5 3. c4 c6 4. Nc3 e6 5. e3 Nbd7 6. Qc2 Be7 7. g4 h6 8. Rg1 b6 9. h4 Bb7 10. g5 hxg5 11. hxg5 Nh5 12. g6 f5 13. Bd2 Ndf6 14. cxd5 Nxd5 15. Ne5 Rf8 16. Nxd5 exd5 17. Nxc6 Qd6 18. Bb5 a6 19. Nxe7+ Kxe7 20. Be2 Rfc8 21. Qb3 Qh2 22. Rf1 Rc6 23. Bb4+ Kf6 24. Bc3 Rac8 25. Qxd5 Kxg6 26. Rh1 Nf6 27. Qxc6 Qxh1+ 28. Qxh1 Bxh1 29. f3 Rh8 30. O-O-O Rh2 31. Rg1+ Kf7 32. Bc4+ Kf8 33. Bb4+ Ke8 34. Rxg7 Bxf3 35. Bxa6 Ne4 36. Be7 Rh1+ 37. Kc2 Bd1+ 38. Kd3 Rh2 39. Bb5# 1-0


[Site "https://www.chess.com"]

[Event "Titled Tuesday Blitz November 07 Early 2023"]
[White "Perdomo, Carlos Andres"]
[Black "Steinberg, Nitzan"]
[WhiteFideId "4400852"]
[BlackFideId "2801795"]
[WhiteElo "2603"]
[BlackElo "2883"]
[Result "0-1"]
[Round "2"]
[TimeControl "180+1"]
[Date "2023.11.07"]
[WhiteClock "0:00:22"]
[BlackClock "0:00:13"]
[Board "36"]

1. c4 Nf6 2. Nc3 g6 3. Nf3 Bg7 4. g3 O-O 5. Bg2 d6 6. d4 Nbd7 7. O-O e5 8. dxe5 dxe5 9. Qc2 c6 10. Rd1 Qc7 11. Ng5 Nc5 12. b4 Ne6 13. Nxe6 Bxe6 14. Ne4 Nxe4 15. Bxe4 f5 16. Bg2 e4 17. Rb1 Rad8 18. Bf4 Be5 19. Bxe5 Qxe5 20. e3 Kg7 21. h4 h6 22. Bf1 g5 23. hxg5 hxg5 24. Rxd8 Rxd8 25. Rd1 Rh8 26. Qd2 Kf6 27. Qd4 Qxd4 28. Rxd4 Ke5 29. a3 a5 30. c5 Ra8 31. Rd6 axb4 32. axb4 Ra1 33. Kg2 Rc1 34. Rd8 Rb1 35. b5 cxb5 36. Rb8 Bd5 37. Re8+ Kf6 38. Rf8+ Ke6 39. Re8+ Kf6 40. Rd8 Bc6 41. Rd6+ Ke5 42. Rg6 g4 43. Rg8 Rc1 44. Rd8 Rxc5 45. Rd4 Rc2 46. Rb4 Rc5 47. Rd4 Bd5 48. Rb4 Bc6 49. Be2 Kd6 50. Rd4+ Bd5 51. Rb4 Kc6 52. Rd4 Kb6 53. Rd2 Ka5 54. Rb2 b4 55. Rd2 b3 56. Rd1 Kb4 57. Rd4+ Bc4 58. Bxc4 Rxc4 59. Rd7 b5 60. Rd2 Kc3 0-1


[Site "https://www.chess.com"]

[Event "Titled Tuesday Blitz November 07 Early 2023"]
[White "Mitrabha, Guha"]
[Black "Herzog2012"]
[WhiteFideId "5057000"]
[WhiteElo "2883"]
[BlackElo "2597"]
[Result "1-0"]
[Round "2"]
[TimeControl "180+1"]
[Date "2023.11.07"]
[WhiteClock "0:01:10"]
[BlackClock "0:00:00"]
[Board "37"]

1. Nf3 Nf6 2. b3 e6 3. Bb2 Be7 4. e3 O-O 5. d4 c5 6. Nbd2 b6 7. Bd3 Bb7 8. O-O d6 9. Qe2 Nbd7 10. c4 cxd4 11. exd4 Re8 12. Rfe1 Bf8 13. Rad1 Qc7 14. h3 e5 15. d5 e4 16. Nxe4 Nxe4 17. Bxe4 f5 18. Ng5 Nc5 19. Ne6 Nxe6 20. Bxf5 Nd4 21. Bxh7+ Kxh7 22. Qh5+ Kg8 23. Rxe8 Rxe8 24. Qxe8 Nf5 25. Re1 Qf7 26. Qb8 b5 27. Qxa7 bxc4 28. bxc4 Bxd5 29. Qxf7+ Bxf7 30. a4 Bxc4 31. Rc1 d5 32. Re1 Bb4 33. Re8+ Kf7 34. Rb8 Ba5 35. Rb7+ Ke6 36. g4 Nd6 37. Rxg7 Ne4 38. Bd4 Bd2 39. h4 Nd6 40. h5 Be2 41. h6 Bxh6 42. Rg6+ Kd7 43. Rxh6 Bxg4 44. a5 Nf5 45. Rh7+ Kc6 46. a6 Nd6 47. a7 1-0


[Site "https://www.chess.com"]

[Event "Titled Tuesday Blitz November 07 Early 2023"]
[White "spiritof_stlouis"]
[Black "Kazakouski, Valery"]
[BlackFideId "13507443"]
[WhiteElo "2593"]
[BlackElo "2876"]
[Result "0-1"]
[Round "2"]
[TimeControl "180+1"]
[Date "2023.11.07"]
[WhiteClock "0:00:06"]
[BlackClock "0:00:05"]
[Board "38"]

1. Nf3 d5 2. d4 c6 3. Bf4 Nf6 4. e3 Bg4 5. h3 Bh5 6. Bd3 e6 7. O-O Nbd7 8. Nbd2 Be7 9. Qe2 O-O 10. g4 Bg6 11. c3 c5 12. Rfe1 Qb6 13. Rab1 Ne4 14. Kg2 Rac8 15. Ne5 Nxe5 16. Bxe5 f6 17. Bf4 Rfe8 18. Nxe4 Bxe4+ 19. Bxe4 dxe4 20. Red1 Qc6 21. Qc4 cxd4 22. Qxc6 Rxc6 23. exd4 Kf7 24. Kf1 Rd8 25. Ke2 g5 26. Bg3 f5 27. Be5 b5 28. f3 exf3+ 29. Kxf3 Kg6 30. Rbc1 h5 31. gxh5+ Kxh5 32. b3 Rdc8 33. Rd3 Kg6 34. d5 exd5 35. Rxd5 a6 36. Bd4 Bf6 37. Bxf6 Kxf6 38. Rd3 Rh8 39. Kg2 Rhc8 40. Kf3 R8c7 41. Rc2 Rh7 42. Kg2 f4 43. Rcd2 Rhc7 44. Rd6+ Rxd6 45. Rxd6+ Kf5 46. Rxa6 Rxc3 47. Rb6 Rc2+ 48. Kf3 Rc3+ 49. Kg2 Rc5 50. a4 bxa4 51. bxa4 Rc2+ 52. Kf3 Rc3+ 53. Kg2 Ra3 54. Rb5+ Kg6 55. a5 Kh5 56. Rf5 Kh4 57. Rb5 Ra2+ 58. Kf3 Ra3+ 59. Kg2 Rg3+ 60. Kf2 Kxh3 61. a6 Rg2+ 62. Kf3 g4+ 63. Kxf4 Rf2+ 64. Ke3 Ra2 65. Rh5+ Kg3 66. Rh6 Ra3+ 67. Ke2 Kg2 68. Rg6 g3 69. Ke1 Ra2 70. Rg7 Rxa6 71. Rg5 Re6+ 72. Kd1 Kf2 0-1


[Site "https://www.chess.com"]

[Event "Titled Tuesday Blitz November 07 Early 2023"]
[White "Taher, Yoseph Theolifus"]
[Black "GatoRojo150"]
[WhiteFideId "7105347"]
[WhiteElo "2872"]
[BlackElo "2589"]
[Result "1-0"]
[Round "2"]
[TimeControl "180+1"]
[Date "2023.11.07"]
[WhiteClock "0:00:29"]
[BlackClock "0:00:00"]
[Board "39"]

1. e4 e5 2. Nf3 Nc6 3. Bb5 a6 4. Ba4 d6 5. d4 b5 6. Bb3 Nxd4 7. Nxd4 exd4 8. c3 dxc3 9. Nxc3 Nf6 10. Bg5 Be7 11. Bxf6 Bxf6 12. O-O O-O 13. Rc1 c5 14. Qd2 c4 15. Bc2 Bb7 16. Rce1 Re8 17. Kh1 Qb6 18. a3 Qd4 19. Qe2 d5 20. Qf3 dxe4 21. Bxe4 Bxe4 22. Nxe4 Qxb2 23. Re2 Qd4 24. Rfe1 Rec8 25. Nxf6+ gxf6 26. Re4 Qd6 27. Rd1 Qc6 28. Qf5 Rd8 29. Rde1 Rd5 30. Rg4+ Kh8 31. Qf3 Rc5 32. Qf4 Rg8 33. Rxg8+ Kxg8 34. h4 Re5 35. Rd1 Re8 36. Rd6 Qe4 37. Qxf6 Qe1+ 38. Kh2 Qe5+ 39. Qxe5 Rxe5 40. Rxa6 Rc5 41. Rd6 c3 42. Rd1 f5 43. Kg3 Rc4 44. Rc1 Kf7 45. Kf3 Ke6 46. Ke3 c2 47. Kd3 Rxh4 48. Rxc2 Ra4 49. Rc3 Kd5 50. Rb3 Kc5 51. Ke3 Rc4 52. Kf3 Ra4 53. g3 Kc4 54. Re3 Kc5 55. Re5+ Kc6 56. Re3 Kd5 57. Kg2 h6 58. Rf3 Ke5 59. Rb3 Kf6 60. Kf3 Kg5 61. Ke2 h5 62. Rf3 b4 63. axb4 Rxb4 64. Ra3 Rc4 65. Ra8 Rc2+ 66. Kf3 Rc3+ 67. Kg2 Rb3 68. Rg8+ Kf6 69. f4 Rb2+ 70. Kh3 Rb1 71. Rg5 Rh1+ 72. Kg2 Rb1 73. Rxh5 Rb2+ 74. Kh3 Rb1 75. Rh6+ Kg7 76. Ra6 Rh1+ 77. Kg2 Rb1 78. Kh2 Rb2+ 79. Kh3 Rb1 80. Kh4 Rb5 81. Kg5 Rb3 82. Kh4 Rb1 83. Rc6 1-0


[Site "https://www.chess.com"]

[Event "Titled Tuesday Blitz November 07 Early 2023"]
[White "Kononenko, Dmitry"]
[Black "Golizadeh, Asghar"]
[WhiteFideId "14113538"]
[BlackFideId "12505269"]
[WhiteElo "2589"]
[BlackElo "2868"]
[Result "1-0"]
[Round "2"]
[TimeControl "180+1"]
[Date "2023.11.07"]
[WhiteClock "0:00:23"]
[BlackClock "0:00:04"]
[Board "40"]

1. d4 Nf6 2. c4 e6 3. g3 Bb4+ 4. Bd2 Qe7 5. Bg2 Nc6 6. Nf3 Bxd2+ 7. Nbxd2 O-O 8. e4 d6 9. O-O e5 10. d5 Nb8 11. Ne1 a5 12. Nd3 Na6 13. f4 c6 14. fxe5 dxe5 15. a3 cxd5 16. exd5 e4 17. Nf4 Bg4 18. Qc2 Rfe8 19. Rfe1 Bf5 20. Nf1 Ng4 21. Ne3 Qc5 22. Qe2 Nxe3 23. Qxe3 Qxc4 24. Rac1 Qb5 25. Qe2 Qb6+ 26. Kh1 Rad8 27. Qe3 Qxb2 28. Rb1 Qe5 29. Rxb7 Rc8 30. Rb5 Rc3 31. Qb6 Nb8 32. d6 Qf6 33. Nd5 Qe5 34. Ne7+ Rxe7 35. Rxe5 Rxe5 36. Qxb8+ Rc8 37. Qb6 h5 38. h3 g6 39. Qd4 Re6 40. g4 hxg4 41. hxg4 Bxg4 42. Rxe4 Rxe4 43. Bxe4 Be6 44. Kh2 Rd8 45. Kg3 f5 46. Bf3 Kf7 47. Qe5 Rc8 48. Bd5 Re8 49. d7 1-0


[Site "https://www.chess.com"]

[Event "Titled Tuesday Blitz November 07 Early 2023"]
[White "Henriquez Villagra, Cristobal"]
[Black "Kozusek, Daniel"]
[WhiteFideId "3409350"]
[BlackFideId "349500"]
[WhiteElo "2867"]
[BlackElo "2587"]
[Result "1-0"]
[Round "2"]
[TimeControl "180+1"]
[Date "2023.11.07"]
[WhiteClock "0:01:20"]
[BlackClock "0:00:15"]
[Board "41"]

1. d4 d5 2. Nd2 Nf6 3. e3 c5 4. c3 Nc6 5. dxc5 a5 6. Bb5 e6 7. b4 Bd7 8. Qb3 b6 9. Bxc6 Bxc6 10. b5 a4 11. Qb1 Bd7 12. c6 Bc8 13. Ngf3 Bc5 14. O-O O-O 15. c4 e5 16. Nxe5 d4 17. e4 d3 18. Bb2 Bd4 19. Bxd4 Qxd4 20. Nef3 Qd8 21. Qb2 Re8 22. Rfe1 Nh5 23. Qd4 Nf4 24. Qxd8 Rxd8 25. c5 1-0


[Site "https://www.chess.com"]

[Event "Titled Tuesday Blitz November 07 Early 2023"]
[White "Sturt, Raven"]
[Black "Nenezic, Marko"]
[WhiteFideId "2007304"]
[BlackFideId "912123"]
[WhiteElo "2583"]
[BlackElo "2866"]
[Result "1-0"]
[Round "2"]
[TimeControl "180+1"]
[Date "2023.11.07"]
[WhiteClock "0:00:07"]
[BlackClock "0:00:04"]
[Board "42"]

1. f4 d5 2. Nf3 Nh6 3. b3 c5 4. Bb2 Nc6 5. e3 a6 6. Rg1 d4 7. e4 Ng4 8. h3 Nf6 9. d3 e5 10. fxe5 Nh5 11. Nbd2 Nf4 12. Nc4 b5 13. Qd2 bxc4 14. Qxf4 c3 15. Bc1 Nb4 16. Kd1 Be7 17. g4 O-O 18. g5 a5 19. a3 Nc6 20. a4 Be6 21. Nh4 Nb4 22. Nf5 Rb8 23. Rb1 Kh8 24. Rg2 Re8 25. h4 c4 26. bxc4 Nc6 27. Rb5 Bb4 28. h5 Rc8 29. g6 Bxf5 30. Qxf5 fxg6 31. hxg6 Rf8 32. Qh3 Rxf1+ 33. Ke2 Qg8 34. Kxf1 1-0


[Site "https://www.chess.com"]

[Event "Titled Tuesday Blitz November 07 Early 2023"]
[White "Subelj, Jan"]
[Black "Sydoryka, Vladyslav"]
[WhiteFideId "14618583"]
[BlackFideId "14145928"]
[WhiteElo "2864"]
[BlackElo "2582"]
[Result "1-0"]
[Round "2"]
[TimeControl "180+1"]
[Date "2023.11.07"]
[WhiteClock "0:01:29"]
[BlackClock "0:00:02"]
[Board "43"]

1. Nf3 d5 2. e3 c5 3. Bb5+ Bd7 4. Qe2 a6 5. Bxd7+ Qxd7 6. b3 Nc6 7. Bb2 Nf6 8. O-O e6 9. c4 d4 10. exd4 cxd4 11. Ne5 Nxe5 12. Qxe5 Rd8 13. d3 Be7 14. Nd2 Bd6 15. Qe2 O-O 16. Nf3 Bc5 17. Qe5 Qd6 18. Rfe1 Rfe8 19. Qxd6 Rxd6 20. a3 a5 21. Rab1 Nd7 22. Nd2 f5 23. Bc1 e5 24. b4 axb4 25. axb4 Ba7 26. c5 Rde6 27. Bb2 Nf6 28. Nc4 Nd5 29. Nd6 R8e7 30. Nxf5 Rd7 31. Nxd4 Re8 32. Nf3 Nxb4 33. Nxe5 Rde7 34. d4 Nc2 35. Rec1 Nb4 36. Ba1 Bb8 1-0


[Site "https://www.chess.com"]

[Event "Titled Tuesday Blitz November 07 Early 2023"]
[White "Shapiro, Viktor"]
[Black "Kamsky, Gata"]
[WhiteFideId "4175700"]
[BlackFideId "2000024"]
[WhiteElo "2573"]
[BlackElo "2848"]
[Result "1/2-1/2"]
[Round "2"]
[TimeControl "180+1"]
[Date "2023.11.07"]
[WhiteClock "0:01:00"]
[BlackClock "0:00:21"]
[Board "44"]

1. c4 f5 2. Nc3 Nf6 3. g3 g6 4. Bg2 Bg7 5. d3 e5 6. Nf3 d6 7. Rb1 a5 8. a3 O-O 9. O-O h6 10. c5 e4 11. dxe4 fxe4 12. Nd4 dxc5 13. Qb3+ Kh7 14. Ne6 Bxe6 15. Qxe6 Re8 16. Qc4 Qd4 17. Qb5 b6 18. Be3 Qd6 19. Rbd1 Qc6 20. Qc4 Nbd7 21. Rd2 Ne5 22. Qb5 Qxb5 23. Nxb5 Rac8 24. Bf4 g5 25. Bxe5 Rxe5 26. Rfd1 e3 27. fxe3 c4 28. Nc3 Rxe3 29. Nd5 Nxd5 30. Bxd5 c3 31. bxc3 Bxc3 32. Rd3 Rxd3 33. Rxd3 Be5 34. a4 Bd6 35. Rf3 Re8 36. Kf1 Re7 37. e4 Kg7 38. Ke2 Be5 39. Kd3 Rd7 40. Kc4 Bf6 41. g4 Be5 42. h3 Bf4 43. Kb5 Kf6 44. Rc3 Re7 45. Rc6+ Bd6 46. Rc2 Ke5 47. Rf2 Kd4 48. Rf6 Rh7 49. Rg6 Bf4 50. Kc6 h5 51. Rg8 hxg4 52. hxg4 Rh6+ 53. Kb5 Rh2 54. Bc6 Rb2+ 55. Ka6 Kc5 56. Bb7 Rb4 57. e5 Bxe5 58. Rxg5 Kd4 59. Bc6 Rc4 60. Bb5 Rc1 61. Rg6 Bd6 62. g5 Rg1 63. Rg8 Kc5 64. g6 c6 65. Rc8 Rxg6 66. Rxc6+ Kd4 67. Rxb6 Rf6 68. Rc6 Be5 69. Rxf6 Bxf6 70. Kxa5 Bd8+ 71. Ka6 Kc5 72. Kb7 Ba5 73. Kc8 Kb4 74. Kd7 Kc5 75. Kc8 Kb6 76. Kd7 Bb4 77. Kc8 Ka5 78. Kd7 Ba3 79. Kc8 Bb2 80. Kd7 Ba1 81. Kc8 Bb2 82. Kd7 Ba1 83. Kc8 Bb2 1/2-1/2


[Site "https://www.chess.com"]

[Event "Titled Tuesday Blitz November 07 Early 2023"]
[White "Klukin, Kirill"]
[Black "Jaskolka, Tomasz"]
[WhiteFideId "24199273"]
[BlackFideId "1170791"]
[WhiteElo "2847"]
[BlackElo "2573"]
[Result "1-0"]
[Round "2"]
[TimeControl "180+1"]
[Date "2023.11.07"]
[WhiteClock "0:00:32"]
[BlackClock "0:00:12"]
[Board "45"]

1. d4 d5 2. c3 Nf6 3. Nf3 c6 4. Bf4 Bf5 5. Nbd2 Nbd7 6. Nh4 Bg4 7. h3 Bh5 8. g4 Bg6 9. Bg2 e6 10. Nxg6 hxg6 11. e4 dxe4 12. Nxe4 Nxe4 13. Bxe4 Nf6 14. Bg2 Nd5 15. Be5 Bd6 16. Bxg7 Rh7 17. Be5 Bxe5 18. dxe5 Nf4 19. Bf1 Qg5 20. Qf3 Qxe5+ 21. Qe3 Qxe3+ 22. fxe3 Nd5 23. Ke2 g5 24. Bg2 O-O-O 25. Rad1 f6 26. Rhf1 Rh6 27. Rf3 Rd7 28. Rdf1 Rf7 29. R3f2 Kd7 30. Rd1 Ke7 31. a3 Rh8 32. Rd4 Nb6 33. Rf1 Rd8 34. Rfd1 Rxd4 35. exd4 f5 36. gxf5 exf5 37. Kd3 Kd6 38. c4 c5 39. dxc5+ Kxc5 40. b4+ Kd6 41. c5+ Ke5 42. cxb6 axb6 43. Ke3 Rc7 44. Rd5+ Ke6 45. Rd3 Rc2 46. Bxb7 Rh2 47. Kd4 Rc2 48. Ba6 f4 49. Bc4+ Kf5 50. Bd5 g4 51. hxg4+ Kxg4 52. a4 Rb2 53. Kc4 Rc2+ 54. Kb5 Rb2 55. Rd4 Kg3 56. Kxb6 f3 57. Bxf3 Kxf3 58. a5 Ke3 59. Rh4 Kd3 60. a6 Ra2 61. a7 1-0


[Site "https://www.chess.com"]

[Event "Titled Tuesday Blitz November 07 Early 2023"]
[White "Gontcharov, Vladislav"]
[Black "Sychev, Klementy"]
[WhiteFideId "4123492"]
[BlackFideId "4114060"]
[WhiteElo "2573"]
[BlackElo "2846"]
[Result "0-1"]
[Round "2"]
[TimeControl "180+1"]
[Date "2023.11.07"]
[WhiteClock "0:00:00"]
[BlackClock "0:00:05"]
[Board "46"]

1. d4 Nf6 2. c4 g6 3. Nc3 Bg7 4. Nf3 O-O 5. Bg5 c5 6. d5 b5 7. Qc2 Qa5 8. Nd2 e6 9. e3 b4 10. Nb3 Qc7 11. Bxf6 Bxf6 12. Ne4 Bg7 13. dxe6 dxe6 14. Nexc5 a5 15. a4 bxa3 16. Rxa3 Nc6 17. Be2 Nb4 18. Qc1 a4 19. Nxa4 Qc6 20. Bf3 Nd3+ 21. Kf1 Qxf3 22. gxf3 Nxc1 23. Nxc1 Bxb2 24. Nxb2 Rxa3 25. Nbd3 Rd8 26. Nf4 Rd1+ 27. Kg2 Rxh1 28. Kxh1 Ra1 29. Ne2 Ba6 30. Kg2 Bxc4 31. f4 h6 32. Kf3 Kg7 33. e4 Kf6 34. Ke3 g5 35. fxg5+ hxg5 36. h3 Bxe2 37. Nxe2 Ra3+ 38. Kd4 Rxh3 0-1


[Site "https://www.chess.com"]

[Event "Titled Tuesday Blitz November 07 Early 2023"]
[White "Beerdsen, Thomas"]
[Black "Vestby-Ellingsen, Mads"]
[WhiteFideId "1030108"]
[BlackFideId "1520857"]
[WhiteElo "2845"]
[BlackElo "2568"]
[Result "1-0"]
[Round "2"]
[TimeControl "180+1"]
[Date "2023.11.07"]
[WhiteClock "0:00:06"]
[BlackClock "0:00:00"]
[Board "47"]

1. e4 e5 2. Nf3 d5 3. exd5 e4 4. Qe2 Nf6 5. d3 Qxd5 6. Nbd2 Be7 7. dxe4 Qh5 8. Qb5+ Nc6 9. Qxh5 Nxh5 10. c3 Bd7 11. Nb3 a5 12. Be3 b6 13. O-O-O a4 14. Nbd4 a3 15. b3 Nf6 16. Bb5 Nxd4 17. Bxd7+ Nxd7 18. Bxd4 Bc5 19. g3 f6 20. Rhe1 O-O-O 21. b4 Bxd4 22. cxd4 Rhe8 23. Kc2 Kb7 24. Re3 Nf8 25. Kb3 Ra8 26. Rc1 Ng6 27. Rec3 Re7 28. Nd2 Rd8 29. d5 Ra8 30. f3 Ne5 31. Nc4 Nf7 32. Nxa3 f5 33. Nb5 Kb8 34. Nxc7 Ra7 35. Nb5 Rad7 36. Rc8+ Kb7 37. Rf8 fxe4 38. fxe4 Rd8 39. Rxd8 Nxd8 40. Rf1 Kb8 41. Nc3 Nf7 42. Kc4 Ne5+ 43. Kd4 Kc8 44. d6 Re8 45. Nd5 Nc6+ 46. Kd3 Ne5+ 47. Kc3 Nd7 48. Kd4 Kd8 49. a4 Kc8 50. a5 bxa5 51. bxa5 Kb7 52. Rb1+ Kc6 53. a6 Ra8 54. e5 Re8 55. a7 Ra8 56. Rc1+ Kb7 57. Ra1 Kc6 58. e6 Kxd6 59. exd7 Kxd7 60. Nb6+ 1-0


[Site "https://www.chess.com"]